 Dungeon Crawl Stone Soup version 0.25.1-2-g60ff931df9 (webtiles) character file.

Game seed: 13805087496808868521

3130 raphialitos the Basher (level 9, -15/78 HPs)
             Began as a Minotaur Fighter on Oct 6, 2020.
             Was a Priest of Trog.
             Demolished by a red ugly thing (20 damage)
             ... on level 9 of the Dungeon.
             The game lasted 00:18:09 (8831 turns).

raphialitos the Basher (Minotaur Fighter)           Turns: 8831, Time: 00:18:10

Health: -15/78     AC: 11    Str: 24    XL:     9   Next: 61%
Magic:  8/8        EV: 10    Int:  5    God:    Trog [***...]
Gold:   529        SH: 11    Dex: 10    Spells: 8/8 levels left

rFire    . . .     SeeInvis +   G - +4 mace (flame)
rCold    . . .     Gourm    .   c - +0 kite shield
rNeg     + . .     Faith    .   b - +1 scale mail
rPois    .         Spirit   .   (helmet restricted)
rElec    .         Reflect  .   (no cloak)
rCorr    .         Harm     .   u - +0 pair of gloves
MR       .....                  D - -1 pair of boots "Zajohoepsi" {rN+}
Stlth    +.........             (no amulet)
HPRegen  0.23/turn              i - ring of see invisible
MPRegen  0.11/turn              A - ring of stealth

@: mighty, lethally poisoned (-15 -> -15)
A: retaliatory headbutt, horns 2
a: Berserk, Trog's Hand, Renounce Religion


You were on level 9 of the Dungeon.
You worshipped Trog.
Trog was most pleased with you.
You were near starving.

You visited 2 branches of the dungeon, and saw 10 of its levels.

You collected 529 gold pieces.

Inventory:

Hand Weapons
 E - the +1 flail "Dacwucve" {flame, rPois}
   (You found it on level 4 of the Dungeon)

   It has been specially enchanted to burn those struck by it, causing extra
   injury to most foes and up to half again as much damage against particularly
   susceptible opponents.
   It protects you from poison.
 G - a +4 mace of flaming (weapon)
 I - a +0 arbalest
Missiles
 o - 33 bolts
 t - 126 arrows
 y - 67 sling bullets
 B - 73 poisoned darts (quivered)
 J - 6 boomerangs
 K - a throwing net
Armour
 a - a +0 pair of boots
 b - a +1 scale mail (worn)
 c - a +0 kite shield (worn)
 u - a +0 pair of gloves (worn)
 D - the -1 pair of boots "Zajohoepsi" (worn) {rN+}
   (You found it on level 6 of the Dungeon)

   It protects you from negative energy.
Jewellery
 i - a ring of see invisible (left hand)
 k - an uncursed ring of flight
 A - a ring of stealth (right hand)
Wands
 p - a wand of digging (8)
 F - a wand of clouds (3)
Scrolls
 h - 9 scrolls of remove curse
 r - 2 scrolls of enchant armour
 s - a scroll of immolation
 v - a scroll of blinking
 x - a scroll of enchant weapon
 z - a scroll of teleportation
 N - 2 scrolls of identify
Potions
 d - a potion of might
 e - a potion of invisibility {unknown}
 g - a potion of berserk rage {unknown}
 j - a potion of flight
 m - a potion of haste
 n - 4 potions of curing
 q - a potion of degeneration {unknown}
 w - a potion of stabbing
 C - a potion of lignification {unknown}
 H - a potion of resistance {unknown}
 L - 3 potions of magic {unknown}
 O - 2 potions of ambrosia {unknown}
Comestibles
 f - 14 rations


   Skills:
 + Level 6.4 Fighting
   Level 5.6(8.0) Axes
 + Level 8.8(9.6) Maces & Flails
 + Level 1.4 Throwing
 + Level 8.4 Armour
 + Level 3.0 Dodging
 + Level 0.6 Stealth
 + Level 8.0 Shields


You had 8 spell levels left.
You didn't know any spells.
Your spell library was empty.

Dungeon Overview and Level Annotations

Branches:
Dungeon (9/15)             Temple (1/1) D:5            Lair (0/6) D:9
    Orc: D:9-12

Altars:
Ashenzari
Cheibriados
Dithmenos
Elyvilon
Fedhas
Gozag
Hepliaklqana
Kikubaaqudgha
Makhleb
Nemelex Xobeh
Okawaru
Qazlal
Ru
Sif Muna
Trog
Uskayaw
Vehumet
Wu Jian
Xom
Yredelemnul
Zin
The Shining One

Shops:
D:4 *   D:5 ?   D:8 ?


Innate Abilities, Weirdness & Mutations

You reflexively headbutt those who attack you in melee.
You have a pair of horns on your head.


Message History

Your headbutt misses the red ugly thing.
The red ugly thing is heavily wounded.
You block the red ugly thing's attack.
You closely miss the red ugly thing.
The red ugly thing is heavily wounded.
The red ugly thing engulfs you but does no damage.
You thump the red ugly thing! You burn the red ugly thing.
You headbutt the red ugly thing, but do no damage.
The red ugly thing is severely wounded.
You block the red ugly thing's attack.
You thump the red ugly thing! You burn the red ugly thing.
The red ugly thing is severely wounded.
You feel sick.
The red ugly thing engulfs you but does no damage.
You thump the red ugly thing!
The red ugly thing is almost dead.
The red ugly thing engulfs you!
* * * LOW HITPOINT WARNING * * *
You are engulfed in flames!!
You die...

#....<...##.
##........r.#.
..........s...
#...........Yo
........#.....
#o....... #..r
#........ #
#######.....).. #
#..@usrr.......
......#####........
##### #........
#........ ##.......
#.....# ######


You could see a red ugly thing, a scorpion and 2 quokkas.

Vanquished Creatures
  A hornet (D:8)
  An orc warrior (D:7)
  2 phantoms
  5 ogres
  4 centaurs
  4 scorpions
  4 killer bees (D:9)
  5 wights (D:7)
  4 howler monkeys
  5 crimson imps
  A hound (D:6)
  3 orc priests
  A gnoll shaman (D:7)
  7 orc wizards
  A bullfrog skeleton (D:4)
  3 iguanas
  6 worker ants
  A hell rat (D:9)
  2 worker ant zombies
  2 howler monkey skeletons (D:4)
  8 adders
  12 gnolls
  A shadow imp (D:5)
  An ooze (D:1)
  An adder zombie (D:7)
  5 worms
  2 dart slugs
  3 leopard geckos
  43 orcs
  A giant cockroach (D:1)
  3 hobgoblins
  7 jackals (D:3)
  5 kobolds
  4 quokkas
  3 ball pythons
  2 bats
  7 frilled lizards
  6 goblins
  A jackal skeleton (D:4)
  A leopard gecko skeleton (D:4)
  15 rats
  A plant (D:5)
194 creatures vanquished.

Notes
Turn   | Place    | Note
-------+----------+-------------------------------------------
     0 | D:1      | raphialitos the Minotaur Fighter began the quest for the
                  | Orb.
     0 | D:1      | Reached XP level 1. HP: 19/19 MP: 0/0
   155 | D:1      | Reached XP level 2. HP: 27/27 MP: 1/1
   708 | D:2      | Reached XP level 3. HP: 33/33 MP: 2/2
  1134 | D:2      | Reached XP level 4. HP: 40/40 MP: 3/3
  1673 | D:3      | Reached XP level 5. HP: 31/47 MP: 4/4
  2478 | D:3      | Reached skill level 5 in Armour
  2555 | D:3      | Found a stormy altar of Qazlal.
  2567 | D:3      | Reached skill level 5 in Axes
  2613 | D:3      | Found a bloodstained altar of Trog.
  2616 | D:3      | Found a sparkling altar of Nemelex Xobeh.
  2756 | D:3      | Found a shadowy altar of Dithmenos.
  2842 | D:3      | Became a worshipper of Trog the Wrathful
  2925 | D:4      | Reached XP level 6. HP: 53/53 MP: 5/5
  2989 | D:4      | Got a glimmering flail
  2989 | D:4      | Identified the cursed +1 flail "Dacwucve" {flame, rPois}
                  | (You found it on level 4 of the Dungeon)
  3070 | D:4      | Reached skill level 1 in Dodging
  3168 | D:4      | Found Miothawk's Mass Market.
  3215 | D:4      | Reached skill level 1 in Maces & Flails
  3394 | D:4      | Reached skill level 5 in Shields
  3910 | D:4      | Reached skill level 5 in Fighting
  3910 | D:4      | Reached XP level 7. HP: 43/61 MP: 6/6
  4095 | D:5      | Entered Level 5 of the Dungeon
  4237 | D:5      | Reached * piety under Trog
  4297 | D:5      | Reached skill level 5 in Maces & Flails
  4442 | D:5      | Reached XP level 8. HP: 57/68 MP: 7/7
  4584 | D:5      | Found a staircase to the Ecumenical Temple.
  4601 | D:5      | Found Dufor's Magic Scroll Boutique.
  5273 | Temple   | Entered the Ecumenical Temple
  5390 | D:6      | Found a shattered altar of Ashenzari.
  5963 | D:6      | Reached ** piety under Trog
  5991 | D:6      | Got a pair of fine boots
  6001 | D:6      | Identified the -1 pair of boots "Zajohoepsi" {rN+} (You
                  | found it on level 6 of the Dungeon)
  6414 | D:7      | Reached skill level 1 in Throwing
  6428 | D:7      | Reached XP level 9. HP: 65/75 MP: 8/8
  7619 | D:7      | Found an opulent altar of Gozag.
  7620 | D:7      | Found a glowing golden altar of the Shining One.
  7798 | D:8      | Found Feh Woda's Magic Scroll Shoppe.
  7834 | D:8      | Reached *** piety under Trog
  7911 | D:8      | Found a shimmering altar of Xom.
  8758 | D:9      | Found a staircase to the Lair.
  8758 | D:9      | Noticed a death yak
  8758 | D:9      | Noticed a death yak
  8761 | D:9      | Noticed a red ugly thing
  8770 | D:9      | Noticed a death yak
  8817 | D:9      | HP: 2/78 [red ugly thing (22)]
  8831 | D:9      | Demolished by a red ugly thing

Illustrated notes

Levels and vault maps discovered:
D:1:      minmay_arrival_checkered_box, layout_loops_ring,
          serial_bayou_lagoon_a, minmay_tromino_v4_b
D:2:      layout_loops_ring, serial_bayou_pond_a, minmay_rat_gold_closets
D:3:      layout_basic, minitemple, lemuel_round_altar
D:4:      layout_loops_ring, hangedman_abyss_or_decor_stabs, minmay_shop_mass,
          hangedman_decor_slide_cut
D:5:      layout_loops_ring, minmay_temple_entry_overgrown, first_ration,
          serial_shops, shop
D:6:      cheibrodos_quashed, layout_gridville, old_standard_altar
D:7:      layout_basic, gammafunk_temple_overflow_statue
D:8:      layout_basic, lemuel_doored_altar, serial_shops, nicolae_shop_stone
D:9:      layout_rooms, dpeg_lair_monsters, zombieorc2_lemuel, grunt_pizzeria,
          uniq_grum, uniq_harold, uniq_gastronok
Temple:   zaba_magenta_temple

Skill      XL: |  1  2  3  4  5  6  7  8  9 |
---------------+----------------------------+-----
Armour         | 4 5 6 7 8 |  8.4
Fighting       | 4 5 6 |  6.4
Axes           | 3 4 5 |  5.6
Shields        | 4 5 6 8 |  8.0
Dodging        | 1 2 3 |  3.0
Maces & Flails | 3 5 7 8 |  8.8
Throwing       | 1 |  1.4
Stealth        | |  0.6

Action                   |  1- 3 |  4- 6 |  7- 9 || total
-------------------------+-------+-------+-------++-------
Melee: War axe           |    70 |   128 |       ||   198
       Headbutt          |     7 |    32 |    55 ||    94
       Flail             |       |    54 |   130 ||   184
       Mace              |       |       |   212 ||   212
Throw: Dart              |       |       |    15 ||    15
  Use: Scroll            |       |       |    18 ||    18
       Potion            |       |       |     5 ||     5
  Eat: Chunk             |     1 |     9 |    14 ||    24
Armor: Scale mail        |    30 |    69 |   116 ||   215
Dodge: Dodged            |    15 |    48 |   122 ||   185
Block: Kite shield       |    36 |    87 |   202 ||   325
